 Dungeon Crawl Stone Soup version 0.19.5 (webtiles) character file.

3990 Jerry the Carver (level 10, -3/77 HPs)
             Began as a Formicid Abyssal Knight on Mar 12, 2017.
             Was a Priest of Lugonu.
             Slain by Gastronok (21 damage)
             ... on level 8 of the Dungeon.
             The game lasted 00:58:11 (12401 turns).

Jerry the Carver (Formicid Abyssal Knight)         Turns: 12401, Time: 00:58:12

Health: -3/77      AC: 15    Str: 18    XL:     10   Next: 46%
Magic:  3/16       EV: 11    Int: 13    God:    Lugonu [***...]
Gold:   146        SH:  0    Dex: 14    Spells: 0 memorised, 9 levels left

rFire  + . .     SeeInvis +     a - +2 falchion
rCold  . . .     Gourm    .     d - +5 ring mail {MR+}
rNeg   . . .     Faith    .     (no shield)
rPois  +         Spirit   .     (helmet unavailable)
rElec  .         Reflect  .     (no cloak)
rCorr  .         Harm     .     (no gloves)
MR     ++...                    (no boots)
Stlth  ..........               (no amulet)
                                q - +3 ring of dexterity
                                m - ring of poison resistance

@: no status effects
A: permanent stasis, dig shafts and tunnels, four strong arms, antennae 3,
hooves 1, molten scales 1, fire resistance 1, mutation resistance 1, shaggy fur
1
a: Dig, Shaft Self, Depart the Abyss, Bend Space, Banish, Renounce Religion


You were on level 8 of the Dungeon.
You worshipped Lugonu.
Lugonu was most pleased with you.
You were hungry.

You visited 2 branches of the dungeon, and saw 9 of its levels.
You visited the Abyss 1 time.

You collected 410 gold pieces.
You spent 264 gold pieces at shops.

Inventory:

Hand Weapons
 a - a +2 falchion (weapon)
 e - a +2 dagger of freezing
 n - a +0 blowgun
Missiles
 o - 29 poisoned needles
Armour
 d - a +5 ring mail of magic resistance (worn)
Jewellery
 m - a ring of poison resistance (left hand)
 q - a +3 ring of dexterity (right hand)
Wands
 c - a wand of random effects (23/48)
 k - a wand of confusion (28/48)
 p - a wand of iceblast (5/15)
 v - a wand of iceblast (6/15)
 G - a wand of iceblast (8/15)
Scrolls
 b - a scroll of enchant weapon
 h - 4 scrolls of remove curse
 i - 3 scrolls of identify
 l - 3 scrolls of amnesia
 s - a scroll of enchant armour
 t - a scroll of fear
 H - a scroll of fog {unknown}
Potions
 f - 2 potions of heal wounds
 u - 5 potions of curing
 x - a potion of magic {unknown}
 A - a potion of degeneration {unknown}
 B - a potion of might {unknown}
 E - 3 potions of flight
Books
 y - a book of Clouds

   Spells                             Type                      Level
   a - Mephitic Cloud                 Conjuration/Poison/Air       3
   b - Conjure Flame                  Conjuration/Fire             3
   c - Poisonous Cloud                Conjuration/Poison/Air       6
   d - Freezing Cloud                 Conjuration/Ice/Air          6
   e - Ring of Flames                 Charms/Fire                  7
 F - a book of Geomancy

   Spells                             Type                      Level
   a - Sandblast                      Earth                        1
   b - Passwall                       Transmutation/Earth          2
   c - Stone Arrow                    Conjuration/Earth            3
   d - Petrify                        Transmutation/Earth          4
   e - Lee's Rapid Deconstruction     Earth                        5
Comestibles
 j - 5 meat rations
 r - a chunk of flesh
 w - 4 bread rations
 z - 2 beef jerkies
 C - 2 fruits


   Skills:
 + Level 6.8 Fighting
 * Level 9.0 Long Blades
 + Level 8.8 Armour
 - Level 0.8 Dodging
 - Level 8.3 Invocations


You had 9 spell levels left.
You didn't know any spells.

Dungeon Overview and Level Annotations

Branches:
Dungeon (8/15)             Temple (1/1) D:5            Lair (0/6) D:8

Altars:
Ashenzari
Cheibriados
Dithmenos
Elyvilon
Fedhas
Gozag
Hepliaklqana
Kikubaaqudgha
Makhleb
Nemelex Xobeh
Okawaru
Qazlal
Ru
Sif Muna
Trog
Uskayaw
Vehumet
Xom
Yredelemnul
Zin
The Shining One

Shops:
D:5 ?%!   D:6 [

Annotations:
D:8 Gastronok


Innate Abilities, Weirdness & Mutations

You are under a permanent stasis effect.
You can dig through walls and to a lower floor.
Your four strong arms can wield two-handed weapons with a shield.
You have a pair of large antennae on your head. (SInv)
You have large cloven feet.
You are partially covered in molten scales. (AC +2)
Your flesh is heat resistant. (rF+)
You are somewhat resistant to further mutation.
You are covered in fur. (AC +1)


Message History

Unknown command.
Space bends around you!
You feel jittery for a moment.
As you read the scroll labeled QIJIMU CEICUSIE, it crumbles to dust.
You assume a fearsome visage.
Gastronok looks frightened!
It was a scroll of fear.
You hit Gastronok.
Your attack snaps Gastronok out of his fear.
Your kick misses Gastronok.
Gastronok is lightly wounded.
You catch the helpless Gastronok completely off-guard!
You hit Gastronok.
Gastronok is lightly wounded.
Gastronok gurgles horribly!
Items here: )) [ † a war axe; a leather armour; a mace; an orc corpse
As you read the scroll labeled NAEDET KECRA, it crumbles to dust.
Your body is wracked with pain!
* * * LOW HITPOINT WARNING * * *
Gastronok convulses!
It was a scroll of torment.
Gastronok bites you!!
You die...

......#.# #.# #.#
......#.###.# #.#
#######.#...# #.# #.#.### #.#
######.#.# #.# #......#.# #.#
##.####.#.# #.# ........#.#
### #.# ##.#....#.# #@## #.#
#.#.####.# ##w# #.#
##.#....#.######{##########.#
......#.#.#.....r..#...<....#
......#.#.#.######.#.########
......#....w.o.....#.#######
......#........#.#.#....##.#
...........###.#.#.####.##.###
......#....# #.#.#.#.........#


You could see Gastronok.

Vanquished Creatures
  Joseph (D:8)
  A two-headed ogre (D:8)
  Grum (D:8)
  A hungry ghost (D:3)
  4 ice beasts
  A black bear (D:8)
  2 phantoms
  2 sky beasts
  6 ogres
  A centaur (D:5)
  A necrophage (D:5)
  A wolf (D:7)
  A big kobold (D:8)
  4 bullfrogs
  2 scorpions
  3 howler monkeys
  A centaur zombie (D:7)
  3 crimson imps
  5 hounds
  3 orc wizards
  2 centaur skeletons
  4 orc priests
  A jelly (D:6)
  A bullfrog skeleton (D:4)
  Terence (D:2)
  5 worker ants
  A hound zombie (D:4)
  Robin (D:4)
  9 adders
  A howler monkey skeleton (D:5)
  A shadow imp (D:5)
  An ooze (D:3)
  3 worms (D:3)
  2 dart slugs (D:1)
  5 leopard geckos
  26 orcs
  7 giant cockroaches
  17 goblins
  12 hobgoblins
  8 jackals
  14 kobolds
  6 quokkas
  2 ball pythons
  7 bats
  7 frilled lizards
  A leopard gecko zombie (D:7)
  A quokka skeleton (D:4)
  7 rats
197 creatures vanquished.

Vanquished Creatures (others)
  An orc warrior (D:5)
  A wolf (D:8)
2 creatures vanquished.

Grand Total: 199 creatures vanquished

Notes
Turn   | Place    | Note
-------+----------+-------------------------------------------
     0 | Abyss:1  | Jerry the Formicid Abyssal Knight began the quest for the Orb.
     0 | Abyss:1  | Reached XP level 1. HP: 18/18 MP: 2/2
     8 | D:1      | Escaped the Abyss
   143 | D:1      | Reached XP level 2. HP: 23/24 MP: 3/3
   388 | D:1      | Reached XP level 3. HP: 29/30 MP: 4/4
   656 | D:1      | Reached ** piety under Lugonu
  1210 | D:2      | Found a faded altar of an unknown god.
  1350 | D:2      | Reached XP level 4. HP: 37/37 MP: 6/6
  1482 | D:3      | Noticed Terence
  1512 | D:2      | Killed Terence
  1635 | D:2      | Reached XP level 5. HP: 28/42 MP: 7/7
  1762 | D:3      | Reached skill level 3 in Long Blades
  1795 | D:3      | Noticed an ice beast
  1831 | D:3      | Killed an ice beast
  1831 | D:3      | Reached XP level 6. HP: 19/49 MP: 7/9
  2483 | D:3      | Noticed a hungry ghost
  2825 | D:4      | Reached skill level 5 in Fighting
  3019 | D:4      | Reached *** piety under Lugonu
  3044 | D:4      | Noticed an ogre
  3776 | D:4      | Reached XP level 7. HP: 6/56 MP: 5/10
  4565 | D:3      | Killed a hungry ghost
  4565 | D:3      | Reached skill level 4 in Long Blades
  4565 | D:3      | Reached skill level 5 in Invocations
  5053 | D:3      | Reached skill level 5 in Armour
  5053 | D:3      | Reached XP level 8. HP: 24/62 MP: 12/12
  5817 | D:4      | Noticed Robin
  5838 | D:4      | Killed Robin
  6116 | D:5      | Entered Level 5 of the Dungeon
  6427 | D:5      | Reached skill level 5 in Long Blades
  6504 | D:5      | Found Raalell's Food Shoppe.
  6899 | D:5      | Found a staircase to the Ecumenical Temple.
  6913 | Temple   | Entered the Ecumenical Temple
  7031 | D:5      | Found Juticac's Distillery.
  7042 | D:5      | Bought a potion of heal wounds for 60 gold pieces
  7042 | D:5      | Bought a potion of invisibility for 96 gold pieces
  7042 | D:5      | Bought a potion of agility for 48 gold pieces
  7042 | D:5      | Bought a potion of curing for 36 gold pieces
  7413 | D:5      | Reached XP level 9. HP: 68/68 MP: 14/14
  7456 | D:5      | Found Ydghal's Magic Scroll Shop.
  7464 | D:5      | Bought a scroll of identify for 24 gold pieces
  8141 | D:6      | Reached skill level 6 in Long Blades
  8424 | D:5      | Reached **** piety under Lugonu
  8490 | D:5      | Gained mutation: You have large cloven feet. [mutagenic meat]
  8491 | D:5      | Gained mutation: You are somewhat resistant to further mutation. [mutagenic meat]
  8492 | D:5      | Gained mutation: You are covered in fur. (AC +1) [mutagenic meat]
  8620 | D:6      | Gained mutation: Your flesh is heat resistant. (rF+) [mutagenic meat]
  8621 | D:6      | Gained mutation: You are partially covered in molten scales. (AC +2) [mutagenic meat]
  8679 | D:6      | Found Pylius's Armour Boutique.
  9561 | D:7      | Noticed a troll
  9790 | D:7      | Reached skill level 7 in Long Blades
 10644 | D:8      | Noticed Grum
 10823 | D:8      | Killed Grum
 10823 | D:8      | Reached XP level 10. HP: 45/76 MP: 16/16
 11130 | D:8      | Noticed Gastronok
 11423 | D:8      | Reached skill level 8 in Long Blades
 11548 | D:8      | Noticed Joseph
 11584 | D:8      | Killed Joseph
 12262 | D:8      | Found a staircase to the Lair.
 12387 | D:8      | Reached skill level 9 in Long Blades
 12401 | D:8      | Slain by Gastronok

Skill      XL: |  1  2  3  4  5  6  7  8  9 10 |
---------------+-------------------------------+-----
Invocations    | 3 4 5 7 8 |  8.3
Fighting       | 4 5 6 |  6.8
Armour         | 3 4 5 6 8 |  8.8
Long Blades    | 3 4 5 7 9 |  9.0
Dodging        | |  0.8

Action                   |  1- 3 |  4- 6 |  7- 9 | 10-12 || total
-------------------------+-------+-------+-------+-------++-------
Melee: Falchion          |   116 |   223 |   575 |   161 ||  1075
       Kick              |       |       |    61 |    65 ||   126
 Fire: Blowgun           |       |       |    12 |     2 ||    14
Invok: Bend Space        |       |     2 |     7 |     2 ||    11
       Banish            |       |     1 |     2 |     3 ||     6
 Abil: Dig               |       |     1 |     1 |     4 ||     6
Evoke: Wand              |       |    13 |     3 |       ||    16
  Use: Potion            |       |     1 |     3 |     2 ||     6
       Scroll            |       |       |    11 |     2 ||    13
 Stab: Confused          |       |       |     2 |       ||     2
       Distracted        |       |       |     1 |       ||     1
       Invisible         |       |       |       |     5 ||     5
       Fleeing           |       |       |       |     1 ||     1
  Eat: Chunk             |     2 |     8 |    33 |     6 ||    49
       Bread ration      |       |       |     2 |       ||     2
       Fruit             |       |       |     1 |       ||     1
       Beef jerky        |       |       |     1 |       ||     1
Armor: Leather armour    |    27 |       |       |       ||    27
       Scale mail        |    10 |     8 |       |       ||    18
       Skin              |       |    14 |       |       ||    14
       Ring mail         |       |    64 |   215 |    57 ||   336
Dodge: Dodged            |    75 |   121 |   272 |    86 ||   554
       Rpst.: Falchion   |    30 |    34 |    82 |    29 ||   175
